[Event "Titled Tuesday Blitz August 09 Early 2022"]
[White "Mitrabha, Guha"]
[Black "Mortazavi, Ali"]
[WhiteFideId "5057000"]
[BlackFideId "401323"]
[WhiteElo "2499"]
[BlackElo "2339"]
[Result "1/2-1/2"]
[Round "03"]
[TimeControl "180+1"]
[Date "2022.08.09"]
[WhiteClock "0:00:03"]
[BlackClock "0:00:12"]

1. Nf3 Nf6 2. d4 g6 3. g3 Bg7 4. Bg2 O-O 5. O-O d6 6. c4 Nbd7 7. Nc3 e5 8. Qc2 Re8 9. Rd1 c6 10. b3 Qa5 11. Bb2 e4 12. Ne1 e3 13. f4 Ng4 14. d5 Ndf6 15. dxc6 bxc6 16. Rxd6 Qh5 17. Nf3 Bf5 18. Qc1 Nf2 19. Na4 N6g4 20. Bxg7 Kxg7 21. Qc3+ Kg8 22. Nc5 Nh3+ 23. Kf1 Bc8 24. Rad1 Nhf2 25. Rd8 Bf5 26. Rxe8+ Rxe8 27. Rd6 Nxh2+ 28. Nxh2 Qxh2 29. Nd7 Bh3 30. Nf6+ Kf8 31. Nxh7+ Kg8 32. Nf6+ Kf8 33. Nh7+ Kg8 34. Nf6+ Kf8 35. Nh7+ 1/2-1/2


[Site "https://www.chess.com"]

[Event "Titled Tuesday Blitz August 09 Early 2022"]
[White "Molina, Roberto Junio Brito"]
[Black "Piesik, Piotr"]
[WhiteFideId "2109450"]
[BlackFideId "1136194"]
[WhiteElo "2812"]
[BlackElo "2643"]
[Result "1-0"]
[Round "03"]
[TimeControl "180+1"]
[Date "2022.08.09"]
[WhiteClock "0:01:24"]
[BlackClock "0:00:34"]

1. d4 c5 2. d5 e5 3. e4 d6 4. Nc3 Be7 5. Be2 Bg5 6. Bg4 Bxc1 7. Rxc1 Nd7 8. Qd2 a6 9. a4 Ne7 10. h4 O-O 11. Nge2 f5 12. exf5 Nf6 13. f3 Bxf5 14. Bxf5 Nxf5 15. Qg5 Nd4 16. Ng3 b5 17. O-O b4 18. Nce4 Nxd5 19. Qd2 Nf4 20. Rcd1 Qxh4 21. c3 bxc3 22. bxc3 Nf5 23. Nxf5 Rxf5 24. g3 Rg5 25. Kf2 Nh3+ 26. Ke2 Rxg3 27. Qd5+ Kf8 28. Qxa8+ Ke7 29. Qb7+ 1-0


[Site "https://www.chess.com"]

[Event "Titled Tuesday Blitz August 09 Early 2022"]
[White "Namitbir Singh Walia"]
[Black "Hartikainen, Jarmo"]
[WhiteFideId "35071068"]
[BlackFideId "503134"]
[WhiteElo "1664"]
[BlackElo "2132"]
[Result "0-1"]
[Round "03"]
[TimeControl "180+1"]
[Date "2022.08.09"]
[WhiteClock "0:02:11"]
[BlackClock "0:00:57"]

1. d4 Nf6 2. c4 e6 3. Nf3 b6 4. g3 Bb4+ 5. Bd2 Qe7 6. Bg2 Bb7 7. O-O Bxd2 8. Nbxd2 d6 9. Qc2 Nbd7 10. e4 e5 11. Rfe1 O-O 12. b4 Rfe8 13. d5 a5 14. a3 axb4 15. axb4 Rxa1 16. Rb1 Rxb1+ 17. Nxb1 Ra8 18. h3 c6 19. Nh4 g6 20. Nc3 cxd5 21. exd5 Rc8 22. Qd3 e4 23. Qe2 Ne5 24. Nxe4 Nxe4 25. Qxe4 Rxc4 26. Qe3 Rxb4 27. f4 Rb1+ 28. Kh2 Ng4+ 0-1


[Site "https://www.chess.com"]

[Event "Titled Tuesday Blitz August 09 Early 2022"]
[White "Nurmanova, Alua"]
[Black "Flynn, Jacob"]
[WhiteFideId "13729390"]
[BlackFideId "2509393"]
[WhiteElo "1921"]
[BlackElo "1920"]
[Result "1/2-1/2"]
[Round "03"]
[TimeControl "180+1"]
[Date "2022.08.09"]
[WhiteClock "0:00:20"]
[BlackClock "0:00:46"]

1. e4 e5 2. Nf3 Nc6 3. Bb5 a6 4. Ba4 Nf6 5. O-O Be7 6. Re1 b5 7. Bb3 O-O 8. a4 Rb8 9. c3 d5 10. d4 dxe4 11. Nxe5 Nxe5 12. dxe5 Qxd1 13. Bxd1 Nd7 14. Rxe4 Bb7 15. Re1 Nc5 16. Bc2 Bd5 17. axb5 axb5 18. Be3 Nb3 19. Ra7 Bd8 20. Bxb3 Bxb3 21. Nd2 Be6 22. Ne4 b4 23. Bc5 bxc3 24. Nxc3 Re8 25. b4 f6 26. f4 fxe5 27. fxe5 Bh4 28. g3 Bg5 29. Ne4 Bd8 30. h4 Bd5 31. Nc3 Bf7 32. Ra6 Re6 33. Rxe6 Bxe6 34. Kf2 Ra8 35. Rd1 Kf7 36. Ke3 Ke8 37. Rf1 Be7 38. Kd4 Rd8+ 39. Ke3 Ra8 40. Kd4 Rd8+ 41. Ke3 Ra8 1/2-1/2


[Site "https://www.chess.com"]

[Event "Titled Tuesday Blitz August 09 Early 2022"]
[White "Orzech, Dominik"]
[Black "Korchmar, Vasiliy"]
[WhiteFideId "1115065"]
[BlackFideId "24131750"]
[WhiteElo "2272"]
[BlackElo "2370"]
[Result "1-0"]
[Round "03"]
[TimeControl "180+1"]
[Date "2022.08.09"]
[WhiteClock "0:01:32"]
[BlackClock "0:00:01"]

1. Nf3 d5 2. c4 c6 3. d4 Nf6 4. Nc3 e6 5. cxd5 exd5 6. Bg5 Bd6 7. Qc2 h6 8. Bh4 Bg4 9. Ne5 Be6 10. e3 Nbd7 11. f4 g5 12. Bg3 gxf4 13. exf4 Bxe5 14. dxe5 Ne4 15. Nxe4 dxe4 16. Qxe4 Qa5+ 17. b4 Qa3 18. Rd1 O-O-O 19. f5 Qc3+ 20. Kf2 Bxa2 21. Be2 Rhe8 22. Rc1 Qb2 23. e6 fxe6 24. Rxc6+ bxc6 25. Qxc6# 1-0


[Site "https://www.chess.com"]

[Event "Titled Tuesday Blitz August 09 Early 2022"]
[White "Ovezdurdyyeva, Jemal"]
[Black "Nasir, Zehn"]
[WhiteFideId "14001888"]
[BlackFideId "2613239"]
[WhiteElo "1946"]
[BlackElo "1993"]
[Result "0-1"]
[Round "03"]
[TimeControl "180+1"]
[Date "2022.08.09"]
[WhiteClock "0:02:04"]
[BlackClock "0:00:55"]

1. e4 c6 2. d4 d5 3. Nd2 dxe4 4. Nxe4 Bf5 5. Ng3 Bg6 6. h4 h6 7. Nf3 Nd7 8. Bd3 Bxd3 9. Qxd3 e6 10. Bf4 Qa5+ 11. c3 Ngf6 12. O-O Be7 13. Rfe1 O-O 14. a3 Rfd8 15. b4 Qb6 16. c4 a5 17. c5 Qa6 18. Qxa6 Rxa6 19. Bc7 Rda8 20. Bxa5 Nd5 21. Ne4 N7f6 22. Ne5 Nxe4 23. Re2 Nec3 0-1


[Site "https://www.chess.com"]

[Event "Titled Tuesday Blitz August 09 Early 2022"]
[White "Parpiev, Isaak"]
[Black "Gombocz, Ferenc Jr."]
[WhiteFideId "34281576"]
[BlackFideId "775029"]
[WhiteElo "2049"]
[BlackElo "1913"]
[Result "1-0"]
[Round "03"]
[TimeControl "180+1"]
[Date "2022.08.09"]
[WhiteClock "0:00:26"]
[BlackClock "0:00:39"]

1. e4 e5 2. Nf3 Nc6 3. Bc4 Nf6 4. d3 Be7 5. O-O O-O 6. c3 d5 7. exd5 Nxd5 8. Re1 Nb6 9. Bb3 Bd6 10. Nbd2 Kh8 11. Ne4 f6 12. a4 a5 13. Be3 Nd7 14. Nxd6 cxd6 15. d4 Nb6 16. dxe5 fxe5 17. Ng5 d5 18. Qh5 Bf5 19. Nf7+ Rxf7 20. Qxf7 Bg6 21. Bxb6 Qxb6 22. Qxd5 Rf8 23. Re2 Bh5 24. Rd2 Ne7 25. Qe6 Qc5 26. Re1 e4 27. Qxe4 Qg5 28. Qxe7 1-0


[Site "https://www.chess.com"]

[Event "Titled Tuesday Blitz August 09 Early 2022"]
[White "Perez Leiva, Jerzy Jesus"]
[Black "Vakhlamov, Igor L."]
[WhiteFideId "3524337"]
[BlackFideId "24126748"]
[WhiteElo "2287"]
[BlackElo "2401"]
[Result "0-1"]
[Round "03"]
[TimeControl "180+1"]
[Date "2022.08.09"]
[WhiteClock "0:00:01"]
[BlackClock "0:00:28"]

1. c4 Nf6 2. Nc3 e6 3. g3 d5 4. Bg2 d4 5. Ne4 Nxe4 6. Bxe4 Nc6 7. d3 Bc5 8. a3 a5 9. Bd2 O-O 10. h4 Qe7 11. Nh3 f5 12. Bg2 e5 13. Ng5 Nd8 14. Bd5+ Kh8 15. e3 c6 16. Nxh7 cxd5 17. Nxf8 Qxf8 18. cxd5 dxe3 19. fxe3 Nf7 20. Rc1 b6 21. Rf1 Nh6 22. e4 f4 23. d4 Bg4 24. Qc2 Bxd4 25. gxf4 Qe7 26. fxe5 Qxh4+ 0-1


[Site "https://www.chess.com"]

[Event "Titled Tuesday Blitz August 09 Early 2022"]
[White "Petrova, Irina"]
[Black "Tuleyeva-Aketayeva, Dana"]
[WhiteFideId "14124122"]
[BlackFideId "13701932"]
[WhiteElo "2021"]
[BlackElo "1849"]
[Result "1-0"]
[Round "03"]
[TimeControl "180+1"]
[Date "2022.08.09"]
[WhiteClock "0:00:57"]
[BlackClock "0:00:06"]

1. e4 c5 2. Nf3 Nc6 3. Bb5 g6 4. Bxc6 dxc6 5. d3 Bg7 6. Nc3 Nf6 7. Be3 Nd7 8. Qd2 O-O 9. Bh6 Re8 10. Bxg7 Kxg7 11. h4 h5 12. Ng5 Ne5 13. Qf4 Qd6 14. Qg3 Ng4 15. f4 Qd4 16. O-O-O Qe3+ 17. Qxe3 Nxe3 18. Rd2 b5 19. Nd1 Nxd1 20. Rdxd1 Bg4 21. Rde1 e5 22. g3 f6 23. Nh3 Bxh3 24. Rxh3 Rad8 25. Rh2 Re6 26. Rf2 Rde8 27. fxe5 Rxe5 28. Ref1 R8e6 29. Kd2 c4 30. b3 cxd3 31. cxd3 c5 32. Rc1 Rd6 33. Ke3 Rd4 34. Rfc2 f5 35. Rxc5 Rxc5 36. Rxc5 Rd7 37. exf5 gxf5 38. Rxf5 Re7+ 39. Kf3 Rd7 40. Ke2 Re7+ 41. Kd2 Rf7 42. Rxf7+ Kxf7 43. Ke3 Ke6 44. Kf4 Kd5 45. g4 hxg4 46. Kxg4 Kd4 47. h5 a5 48. h6 a4 49. bxa4 bxa4 50. h7 Kxd3 51. h8=Q Kc2 52. Qa1 a3 53. Kf4 1-0


[Site "https://www.chess.com"]

[Event "Titled Tuesday Blitz August 09 Early 2022"]
[White "Pinero Rodriguez, Carlos Jose"]
[Black "Delorme, Axel"]
[WhiteFideId "3901726"]
[BlackFideId "632023"]
[WhiteElo "2053"]
[BlackElo "2474"]
[Result "0-1"]
[Round "03"]
[TimeControl "180+1"]
[Date "2022.08.09"]
[WhiteClock "0:00:09"]
[BlackClock "0:00:11"]

1. e4 c6 2. d4 d5 3. Nc3 Nf6 4. h3 dxe4 5. Bc4 Bf5 6. Bg5 e6 7. Nge2 Nbd7 8. Ng3 Bg6 9. O-O Be7 10. Re1 O-O 11. Ncxe4 Nxe4 12. Bxe7 Nxf2 13. Bxd8 Nxd1 14. Be7 Rfe8 15. Ba3 b5 16. Bb3 a5 17. Raxd1 a4 18. Bxe6 Rxe6 19. Rxe6 fxe6 20. Re1 Re8 21. c3 Nb6 22. Re5 Nc4 23. Rc5 Nxa3 24. bxa3 Rc8 25. Kf2 Kf8 26. Ke3 Ke7 27. Nh1 Kd7 28. Nf2 Bb1 29. Ng4 Bxa2 30. Ne5+ Kd6 31. Nf7+ Ke7 32. Ne5 Bd5 33. g3 Kd6 34. Nf7+ Kc7 35. Ne5 Rf8 36. h4 Rf1 37. c4 bxc4 38. Nxc4 Rf3+ 39. Ke2 Rxg3 40. Ne5 Rxa3 41. Ra5 Ra1 42. Ra7+ Kb6 43. Rxg7 a3 44. Nd7+ Kb5 45. Nc5 a2 46. Rb7+ Kc4 47. Ra7 Kxd4 48. Nb3+ Bxb3 49. Kf3 Bd5+ 50. Kf4 Rf1+ 51. Kg5 a1=Q 52. Rxa1 Rb1 53. h5 Rxa1 54. Kh6 Rh1 55. Kxh7 Rxh5+ 56. Kg6 Rf5 57. Kh6 Bb3 58. Kg6 Ba4 59. Kh6 Ke4 60. Kg6 Ke5 61. Kg7 Rf6 62. Kh7 Bd1 63. Kg7 Kf5 64. Kh8 e5 65. Kg7 Kg5 66. Kh7 Rf7+ 67. Kh8 Kg6 68. Kg8 Rf6 69. Kh8 Rf8# 0-1


[Site "https://www.chess.com"]

[Event "Titled Tuesday Blitz August 09 Early 2022"]
[White "Pourkashiyan, Atousa"]
[Black "Adewumi, Tanitoluwa"]
[WhiteFideId "12502014"]
[BlackFideId "30966396"]
[WhiteElo "2247"]
[BlackElo "2506"]
[Result "0-1"]
[Round "03"]
[TimeControl "180+1"]
[Date "2022.08.09"]
[WhiteClock "0:00:03"]
[BlackClock "0:00:04"]

1. e4 c5 2. Nf3 e6 3. d4 cxd4 4. Nxd4 Nc6 5. Nc3 Qc7 6. Be2 a6 7. O-O Nf6 8. Be3 Be7 9. f4 d6 10. Qe1 O-O 11. Qg3 Nxd4 12. Bxd4 b5 13. a3 Bb7 14. Rae1 Rad8 15. Kh1 g6 16. f5 e5 17. Be3 Bxe4 18. Bg5 Bb7 19. Qh4 Kg7 20. Bf3 d5 21. Qh6+ Kh8 22. Qh4 Kg7 23. h3 h5 24. Qg3 Bd6 25. Bxf6+ Kxf6 26. fxg6 fxg6 27. Bxh5+ Ke7 28. Qxg6 Kd7 29. Bg4+ Kc6 30. Rxf8 Rxf8 31. Qd3 e4 32. Qxd5+ Kb6 33. Qd4+ Bc5 34. Qd2 e3 35. Qe2 Rf2 36. Qd1 Bxg2+ 37. Kg1 e2 38. Qd7 Rf1+ 39. Kxg2 Qxd7 40. Bxd7 Rxe1 41. Bg4 Rg1+ 42. Kf3 e1=Q 0-1


[Site "https://www.chess.com"]

[Event "Titled Tuesday Blitz August 09 Early 2022"]
[White "Prokofiev, Valentyn"]
[Black "Le, Tuan Minh"]
[WhiteFideId "14160161"]
[BlackFideId "12401153"]
[WhiteElo "2705"]
[BlackElo "2984"]
[Result "0-1"]
[Round "03"]
[TimeControl "180+1"]
[Date "2022.08.09"]
[WhiteClock "0:00:02"]
[BlackClock "0:00:39"]

1. d4 d5 2. c4 c6 3. cxd5 cxd5 4. Bf4 Nf6 5. e3 Nc6 6. Nc3 a6 7. Bd3 Bg4 8. Nge2 e6 9. O-O Bd6 10. f3 Bh5 11. Rc1 O-O 12. a3 Rc8 13. Na4 Bg6 14. Nc5 Rc7 15. Nxb7 Rxb7 16. Rxc6 Bxf4 17. Nxf4 Rxb2 18. Rxa6 Qb8 19. Bxg6 hxg6 20. Nd3 Rb3 21. Qd2 Qb5 22. Nc5 Rb2 23. Qd3 Qxd3 24. Nxd3 Rb3 25. Rd1 Rc8 26. a4 g5 27. Ra7 Rc2 28. a5 g4 29. a6 Ra3 30. Ra8+ Kh7 31. a7 Raa2 32. Ne1 Rc7 33. Nd3 gxf3 34. gxf3 g5 35. Nc5 Raxa7 36. Rxa7 Rxa7 37. Rb1 Kg6 38. Nd3 Nd7 39. Kf2 Ra2+ 40. Rb2 Ra3 41. Ke2 Ra7 42. Rc2 Kh5 43. Kf2 Kh4 44. Nc1 Nb6 45. Rb2 Nc4 46. Rb8 Kh5 47. Nd3 Ra2+ 48. Kg3 Nxe3 49. Ne5 Nf1+ 50. Kh3 Rxh2# 0-1


[Site "https://www.chess.com"]

[Event "Titled Tuesday Blitz August 09 Early 2022"]
[White "Pulpan, Jakub"]
[Black "Winterberg, Lukas"]
[WhiteFideId "302759"]
[BlackFideId "24622702"]
[WhiteElo "2451"]
[BlackElo "2349"]
[Result "1-0"]
[Round "03"]
[TimeControl "180+1"]
[Date "2022.08.09"]
[WhiteClock "0:02:05"]
[BlackClock "0:01:48"]

1. Nf3 Nf6 2. b3 g6 3. Bb2 Bg7 4. g3 O-O 5. Bg2 b6 6. c4 Bb7 7. Nc3 e6 8. O-O c5 9. Rc1 d6 10. e3 Nbd7 11. Qe2 Qe7 12. Rfd1 Rad8 13. d4 d5 14. cxd5 Nxd5 15. Nxd5 Bxd5 16. Qa6 cxd4 17. exd4 Qf6 18. Ne5 Bxg2 19. Kxg2 Nxe5 20. dxe5 Qf5 21. Qxa7 Rxd1 22. Rxd1 Qc2 23. Ba3 Qc6+ 24. Kg1 Ra8 25. Qe7 Bf8 26. Rd8 1-0


[Site "https://www.chess.com"]

[Event "Titled Tuesday Blitz August 09 Early 2022"]
[White "Quirke, Jeffrey"]
[Black "Ponce Cano, Adrian"]
[WhiteFideId "2013029"]
[BlackFideId "22296913"]
[WhiteElo "2231"]
[BlackElo "2261"]
[Result "0-1"]
[Round "03"]
[TimeControl "180+1"]
[Date "2022.08.09"]
[WhiteClock "0:00:02"]
[BlackClock "0:01:59"]

1. d4 d5 2. c4 e6 3. Nc3 Nf6 4. cxd5 exd5 5. Bg5 c6 6. e3 Bf5 7. Qf3 Be4 8. Qh3 Nbd7 9. Nf3 Bb4 10. Be2 h6 11. Bxf6 Nxf6 12. O-O Bg6 13. Ne5 O-O 14. f4 Bxc3 15. bxc3 Be4 16. g4 Nd7 17. Kf2 Nxe5 18. dxe5 f6 19. e6 f5 20. gxf5 Bxf5 21. Bg4 Bxg4 22. Qxg4 Qf6 23. Rac1 Rab8 24. Rg1 Rbe8 25. Rb1 b6 26. Rb3 Rxe6 27. Ra3 Re7 28. h4 Qd6 29. Rb3 Ref7 30. h5 Rxf4+ 0-1


[Site "https://www.chess.com"]

[Event "Titled Tuesday Blitz August 09 Early 2022"]
[White "Remolar Gallen, Jose"]
[Black "Safin, Robert"]
[WhiteFideId "2215187"]
[BlackFideId "34189120"]
[WhiteElo "2205"]
[BlackElo "2241"]
[Result "1-0"]
[Round "03"]
[TimeControl "180+1"]
[Date "2022.08.09"]
[WhiteClock "0:01:12"]
[BlackClock "0:01:36"]

1. d4 Nf6 2. c4 g6 3. Nc3 Bg7 4. e4 d6 5. Be2 O-O 6. Be3 c5 7. d5 e6 8. h3 exd5 9. exd5 Re8 10. Nf3 Nh5 11. Qd2 Bf5 12. g4 Ng3 13. fxg3 Be4 14. Nxe4 Rxe4 15. Bd3 Re7 16. O-O Nd7 17. Rae1 Ne5 18. Nxe5 Rxe5 19. Bf4 Rxe1 20. Rxe1 Qf6 21. b3 b5 22. cxb5 Rd8 23. Bc4 Rb8 24. a4 h5 25. gxh5 gxh5 26. Kg2 h4 27. Bg5 Qg6 28. Bxh4 Bh6 29. Qd3 Qg7 30. Qf5 Qb2+ 31. Re2 Qc1 32. Bd3 Be3 33. Qh7+ Kf8 34. Qh8# 1-0


[Site "https://www.chess.com"]

[Event "Titled Tuesday Blitz August 09 Early 2022"]
[White "Reprintsev, Alexander"]
[Black "Csonka, Balazs"]
[WhiteFideId "14100541"]
[BlackFideId "742910"]
[WhiteElo "2108"]
[BlackElo "2404"]
[Result "0-1"]
[Round "03"]
[TimeControl "180+1"]
[Date "2022.08.09"]
[WhiteClock "0:00:01"]
[BlackClock "0:00:07"]

1. e4 e5 2. Nf3 Nc6 3. Bc4 Nf6 4. Ng5 d5 5. exd5 Na5 6. Bb5+ c6 7. dxc6 bxc6 8. Bd3 Nd5 9. h4 Qc7 10. Nc3 h6 11. Nh3 g6 12. Qe2 Bg7 13. b4 Nxb4 14. Ba3 Rb8 15. Rb1 c5 16. Bb5+ Bd7 17. Bxb4 cxb4 18. Nd5 Qd6 19. Bxd7+ Kxd7 20. Ne3 Rhc8 21. O-O Ke8 22. h5 Kf8 23. hxg6 fxg6 24. Qf3+ Kg8 25. Ng4 Rxc2 26. a3 Rf8 27. Qe4 Rc4 28. Qe2 bxa3 29. Ne3 Rd4 30. Rfd1 e4 31. Ra1 Rd3 32. Ra2 Qe6 0-1


[Site "https://www.chess.com"]

[Event "Titled Tuesday Blitz August 09 Early 2022"]
[White "Rohith Krishna S"]
[Black "Dushyant Sharma"]
[WhiteFideId "46617051"]
[BlackFideId "25065130"]
[WhiteElo "2118"]
[BlackElo "2133"]
[Result "1-0"]
[Round "03"]
[TimeControl "180+1"]
[Date "2022.08.09"]
[WhiteClock "0:00:47"]
[BlackClock "0:00:06"]

1. e4 d5 2. exd5 Nf6 3. Nf3 Bg4 4. Be2 Qxd5 5. h3 Bh5 6. c4 Qd8 7. d4 e6 8. O-O Nc6 9. Be3 Bd6 10. Nc3 O-O 11. a3 a5 12. Rc1 h6 13. Qa4 Qe8 14. Rfd1 b6 15. Qc2 Nb8 16. Nb5 Nbd7 17. c5 bxc5 18. dxc5 Be7 19. Nxc7 Qc8 20. Nxa8 Qxa8 21. c6 Bxf3 22. Bxf3 Ne5 23. Be2 Rc8 24. Bb5 Nd5 25. Bd4 Ng6 26. Bc5 Bg5 27. Rb1 Ne5 28. h4 Bf6 29. Bd4 Nxc6 30. Bxf6 Nxf6 31. Bxc6 Rxc6 32. Rd8+ Qxd8 33. Qxc6 Qd3 34. Rc1 g6 35. Qc3 Qf5 36. Qc2 Qf4 37. Qc8+ Kg7 38. Qc4 Qf5 39. Qc5 e5 40. Qxa5 Ng4 41. Qe1 Qf4 42. g3 Qd4 43. Rc2 e4 44. Qc3 1-0


[Site "https://www.chess.com"]

[Event "Titled Tuesday Blitz August 09 Early 2022"]
[White "Rom, Jasper"]
[Black "Slugin, Sergey"]
[WhiteFideId "2023733"]
[BlackFideId "4122569"]
[WhiteElo "2233"]
[BlackElo "2330"]
[Result "0-1"]
[Round "03"]
[TimeControl "180+1"]
[Date "2022.08.09"]
[WhiteClock "0:00:04"]
[BlackClock "0:00:16"]

1. e4 e5 2. Nf3 Nc6 3. Bb5 a6 4. Bxc6 dxc6 5. O-O Ne7 6. d4 exd4 7. Nxd4 c5 8. Ne2 Qxd1 9. Rxd1 Bd7 10. Nbc3 O-O-O 11. Bf4 Bc6 12. Rxd8+ Kxd8 13. Rd1+ Kc8 14. f3 a5 15. Be3 b6 16. Nf4 Ng6 17. Nfd5 Kb7 18. a4 Bd6 19. Nb5 Be5 20. b3 Rd8 21. c4 Be8 22. f4 Nxf4 23. g3 Ne6 24. Ndc3 Rxd1+ 25. Nxd1 Bxb5 26. cxb5 Nd4 27. Bxd4 Bxd4+ 28. Kf1 c6 29. Ke2 cxb5 30. axb5 Kc7 31. Kd3 Kd6 32. Kc4 Ke5 33. Kd3 h5 34. Ne3 Bxe3 35. Kxe3 f5 36. exf5 Kxf5 37. h3 Ke5 38. Kd3 Kd5 39. Kc3 g6 40. Kd3 g5 41. h4 g4 42. Ke3 c4 43. bxc4+ Kxc4 44. Kf4 a4 45. Kg5 a3 46. Kxh5 a2 47. Kxg4 a1=Q 48. h5 Qg7+ 49. Kh4 Kxb5 50. g4 Qf6+ 51. g5 Qf4+ 0-1


[Site "https://www.chess.com"]

[Event "Titled Tuesday Blitz August 09 Early 2022"]
[White "Rustemov, Alexander"]
[Black "Altman, Joshua"]
[WhiteFideId "4119002"]
[BlackFideId "426210"]
[WhiteElo "2784"]
[BlackElo "1945"]
[Result "1-0"]
[Round "03"]
[TimeControl "180+1"]
[Date "2022.08.09"]
[WhiteClock "0:00:58"]
[BlackClock "0:00:09"]

1. d4 Nf6 2. c4 e6 3. Nf3 b6 4. a3 Bb7 5. Nc3 d5 6. Bg5 Be7 7. Bxf6 Bxf6 8. cxd5 exd5 9. Qa4+ Nd7 10. g3 O-O 11. Bh3 Nb8 12. O-O c6 13. Rad1 Bc8 14. Bxc8 Qxc8 15. Rfe1 Nd7 16. e4 dxe4 17. Nxe4 b5 18. Qc2 Qc7 19. d5 c5 20. d6 Qc6 21. Nxf6+ Nxf6 22. Ne5 Qb6 23. d7 Rad8 24. Qf5 Qe6 25. Qf3 Qb6 26. Rd2 Qe6 27. Re3 Qh3 28. Qb7 Ng4 29. Nxg4 Qxg4 30. Qxb5 f5 31. Re8 Kf7 32. Rxf8+ Kxf8 33. Qxc5+ Kg8 34. Qe7 1-0


[Site "https://www.chess.com"]

[Event "Titled Tuesday Blitz August 09 Early 2022"]
[White "Samant Aditya S"]
[Black "Ibarra Jerez, Jose Carlos"]
[WhiteFideId "35080580"]
[BlackFideId "2226332"]
[WhiteElo "1968"]
[BlackElo "2628"]
[Result "1-0"]
[Round "03"]
[TimeControl "180+1"]
[Date "2022.08.09"]
[WhiteClock "0:00:52"]
[BlackClock "0:01:06"]

1. Nf3 Nf6 2. b3 d6 3. Bb2 e5 4. e3 g6 5. c4 Bg7 6. Nc3 O-O 7. Qc2 Nc6 8. a3 Re8 9. d3 Bf5 10. Be2 a5 11. O-O h6 12. Nd2 g5 13. Nde4 Nd7 14. Nd5 Bg6 15. Rad1 f5 16. Nec3 g4 17. b4 axb4 18. axb4 h5 19. b5 Na5 20. b6 cxb6 21. Nb5 Nc5 22. Nbc7 Rc8 23. Nxe8 Bxe8 24. d4 Ba4 25. Qxf5 Bxd1 26. Rxd1 exd4 27. exd4 Nd7 28. Qe6+ Kh8 29. Ne7 Ra8 30. Ng6+ Kh7 31. Bd3 Nf6 32. Ne5+ 1-0


[Site "https://www.chess.com"]

[Event "Titled Tuesday Blitz August 09 Early 2022"]
[White "Sammed Jaykumar, Shete"]
[Black "Mohammed, Dilshad"]
[WhiteFideId "5073421"]
[BlackFideId "5050421"]
[WhiteElo "2239"]
[BlackElo "2102"]
[Result "0-1"]
[Round "03"]
[TimeControl "180+1"]
[Date "2022.08.09"]
[WhiteClock "0:00:02"]
[BlackClock "0:00:13"]

1. e4 e5 2. Nf3 Nc6 3. Bb5 a6 4. Ba4 Nf6 5. O-O Be7 6. Re1 b5 7. Bb3 d6 8. d3 O-O 9. a3 Be6 10. Ba2 Bxa2 11. Rxa2 Qd7 12. Nc3 Rab8 13. Bg5 Rfd8 14. Bxf6 Bxf6 15. Nd5 Be7 16. a4 Bf8 17. axb5 axb5 18. Qd2 h6 19. Nh4 Ne7 20. Nxe7+ Qxe7 21. Nf5 Qf6 22. Ra7 Rbc8 23. c4 bxc4 24. dxc4 c6 25. Ra6 Kh7 26. Rd1 g6 27. Ne3 Qe6 28. Ra7 h5 29. Qe2 Kg8 30. h3 Rb8 31. Rd3 Bh6 32. b3 Bf4 33. Ra6 Qc8 34. Ra1 Qe6 35. Rad1 Bh6 36. h4 Bf8 37. g3 Be7 38. Kg2 Rb7 39. Qa2 Rdb8 40. Qa4 Rb6 41. Qa2 R6b7 42. Qc2 Ra8 43. c5 dxc5 44. Nc4 Rba7 45. Qc3 f6 46. Qd2 Kg7 47. Qe3 Rb7 48. Qe2 Rab8 49. Qc2 Ra8 50. Ne3 Rba7 51. Nc4 Ra2 52. Qc1 f5 53. exf5 Qxf5 54. Rf3 Qe4 55. Qc3 Bf6 56. Re1 Qd5 57. Nxe5 Re8 0-1


[Site "https://www.chess.com"]

[Event "Titled Tuesday Blitz August 09 Early 2022"]
[White "Samunenkov, Ihor"]
[Black "Drozdowski, Kacper"]
[WhiteFideId "14187086"]
[BlackFideId "1136720"]
[WhiteElo "2699"]
[BlackElo "2964"]
[Result "0-1"]
[Round "03"]
[TimeControl "180+1"]
[Date "2022.08.09"]
[WhiteClock "0:00:02"]
[BlackClock "0:00:57"]

1. d4 Nf6 2. c4 g6 3. Nf3 Bg7 4. g3 O-O 5. Bg2 d6 6. O-O Nc6 7. Nc3 a6 8. b3 Rb8 9. Bb2 b5 10. cxb5 axb5 11. Rc1 Bd7 12. d5 Na5 13. Nd4 e6 14. dxe6 fxe6 15. b4 Nc4 16. Ba1 Qe8 17. Qd3 Ng4 18. h3 Nge5 19. Qd1 Rb6 20. e4 Nc6 21. Ndxb5 Nxb4 22. a4 c5 23. Qe2 Na5 24. Rcd1 Qe7 25. Rb1 Nac6 26. Kh1 Nd4 27. Nxd4 Bxd4 28. Nb5 Bxa1 29. Rxa1 Rfb8 30. Rfd1 Bxb5 31. axb5 Rxb5 32. Qd2 R5b6 33. Rac1 Rf8 34. Kg1 Ra6 35. Ra1 Rxa1 36. Rxa1 Nc6 37. Ra6 Nd4 38. e5 dxe5 39. Qa2 Rf7 40. Ra8+ Kg7 41. h4 h5 42. Rc8 Rf8 43. Qa8 Rxc8 44. Qxc8 Nf5 45. Be4 Qd6 46. Kg2 Ne7 47. Qb7 Kf6 48. Bc2 Qd5+ 49. Qxd5 exd5 50. Kf3 c4 0-1


[Site "https://www.chess.com"]

[Event "Titled Tuesday Blitz August 09 Early 2022"]
[White "Sanchez, Robert"]
[Black "Omariev, Maksim"]
[WhiteFideId "2034360"]
[BlackFideId "4193423"]
[WhiteElo "2278"]
[BlackElo "2520"]
[Result "0-1"]
[Round "03"]
[TimeControl "180+1"]
[Date "2022.08.09"]
[WhiteClock "0:00:47"]
[BlackClock "0:00:02"]

1. Nf3 d5 2. e3 Nf6 3. c4 c6 4. Nc3 e6 5. b3 Nbd7 6. Bb2 Bd6 7. Be2 O-O 8. O-O Qe7 9. d3 e5 10. Re1 Re8 11. Bf1 Nf8 12. h3 Ng6 13. cxd5 cxd5 14. Nb5 Bb8 15. Rc1 a6 16. Ba3 Qd8 17. Nc3 h6 18. Na4 Ba7 19. d4 e4 20. Nh2 b6 21. Qc2 Bb8 22. Qc6 Bd7 23. Qxb6 Bxa4 24. Qxd8 Rxd8 25. bxa4 Nh4 26. Rc6 Nf5 27. Rec1 Ne8 28. Rxa6 Rxa6 29. Bxa6 Bd6 30. Bxd6 Nexd6 31. Ng4 f6 32. Bb5 h5 33. Nh2 Kf7 34. Nf1 Ke6 35. Nd2 Rb8 36. Rb1 h4 37. Nb3 Ne7 38. Nc5+ Kf7 39. Be8+ Rxe8 40. Rb8 Rxb8 0-1


[Site "https://www.chess.com"]

[Event "Titled Tuesday Blitz August 09 Early 2022"]
[White "Sarkar, Justin"]
[Black "Antonio, Rogelio Jr"]
[WhiteFideId "2010011"]
[BlackFideId "5200032"]
[WhiteElo "2076"]
[BlackElo "2415"]
[Result "0-1"]
[Round "03"]
[TimeControl "180+1"]
[Date "2022.08.09"]
[WhiteClock "0:00:01"]
[BlackClock "0:01:22"]

1. d4 Nf6 2. c4 c5 3. d5 e6 4. Nc3 exd5 5. cxd5 Bd6 6. Nf3 a6 7. Bg5 h6 8. Ne4 hxg5 9. Nxd6+ Kf8 10. Nxg5 Rh5 11. Qd2 Qc7 12. Ndxf7 d6 13. e3 Qe7 14. Be2 Rh4 15. g3 Ne4 16. Nxe4 Rxe4 17. Nh8 Bf5 18. Bd3 Kg8 19. Bxe4 Qxe4 20. O-O Qf3 21. Qd1 Qxd1 0-1


[Site "https://www.chess.com"]